 Dungeon Crawl Stone Soup version 0.31.0-11-ge490571c62 (webtiles) character file.

Game seed: 1819099315432518720

313 Gadfly the Ruffian (level 6, 0/46 HPs)
             Began as a Demonspawn Shapeshifter on Jan 27, 2024.
             Shot with an arrow by a centaur (8 damage)
             ... on level 8 of the Dungeon.
             The game lasted 00:06:21 (3369 turns).

Gadfly the Ruffian (Demonspawn Shapeshifter)        Turns: 3369, Time: 00:06:22

Health: 0/46       AC:  5    Str: 16    XL:     6   Next: 19%
Magic:  6/6        EV: 12    Int: 11    God:
Gold:   1107       SH:  0    Dex: 12    Spells: 4/5 levels left

rFire   . .          .
                       - Unarmed
rCold   . . .        (no shield)
rNeg    . . .        a - +0 animal skin
rPois   .            (helmet currently unavailable)
rElec   .            (cloak currently unavailable)
rCorr   .            e - melded +1 pair of gloves {Dex+3}
SInv    .            (boots currently unavailable)
Will    .....        (no amulet)
Stlth   +            (no ring)
HPRegen 0.27/turn    (no ring)
MPRegen 0.10/turn

%: no passive effects
@: beast-form
A: beast (slay +1), claws 1, molten scales 2, foul stench 1
a: Begin Untransformation


You were on level 8 of the Dungeon.
You were a hulking beast.
You visited 1 branch of the dungeon, and saw 6 of its levels.

You collected 1338 gold pieces.
You spent 231 gold pieces at shops.

Inventory:

Hand Weapons
 b - a +1 dagger of venom
 m - a +1 dagger of speed
 r - a +1 whip of venom
Armour
 a - a +0 animal skin (worn)
 e - a +1 pair of gloves of dexterity (melded)
Talismans
 c - a beast talisman (active)
 d - a flux talisman
Wands
 j - a wand of flame (15) (quivered)
Potions
 f - a potion of might
 g - a potion of curing
 h - a potion of attraction
 i - a potion of lignification
 k - a potion of enlightenment
 n - a potion of heal wounds
 q - a potion of degeneration {unknown}


   Skills:
 + Level 2.4 Fighting
 + Level 3.3 Dodging
 * Level 3.5 Unarmed Combat
 + Level 3.0 Evocations
 * Level 3.3 Shapeshifting


You had 4 spell levels left.
You knew the following spells:

 Your Spells              Type           Power      Damage    Failure   Level
a - Apportation           Tloc           0%         N/A       34%         1

Your spell library contained the following spells:

 Spells                   Type           Power      Damage    Failure   Level
 Necrotise                Necr           0%         1d4       34%         1
 Sting                    Conj/Alch      0%         1d3       34%         1
 Summon Small Mammal      Summ           0%         N/A       34%         1
 Lesser Beckoning         Tloc           0%         N/A       47%         2
 Gell's Gravitas          Tloc           0%         N/A       71%         3
 Teleport Other           Tloc           0%         N/A       71%         3


Dungeon Overview and Level Annotations

Branches:
Dungeon (8/15)
 Temple: D:4-7         Lair: D:8-11

Altars:

Shops:
D:1 =   D:2 [


Innate Abilities, Weirdness & Mutations

You are a hulking beast.
Your limbs bulge with bestial killing power. (Slay +1)
You have sharp fingernails.
You are mostly covered in molten scales. (AC +3)
You may rarely emit foul miasma when damaged in melee.


Message History

You scratch the phantom but do no damage.
The phantom is heavily damaged.
The phantom hits you.
The phantom blinks!
You blink.
The phantom barely misses you.
You claw the phantom!
The phantom is almost destroyed.
The phantom hits you.
You claw the phantom!
You destroy the phantom!
You feel yourself speed up.
Your Evocations skill increases to level 3!
You have reached level 6!
Your demonic ancestry asserts itself...
You begin to emit a foul stench of rot and decay.
You start resting.
HP restored.
A centaur comes into view.
As you read the scroll labelled LECOYGG XIMI, it crumbles to dust.
The air around you briefly surges with heat, but it dissipates.
It was a scroll of immolation.
As you read the scroll of identify, it crumbles to dust.
l - a potion of brilliance
As you read the scroll of identify, it crumbles to dust.
n - a potion of heal wounds Autopickup disabled for potions of brilliance.
You drop a potion of brilliance.
A centaur and a bullfrog come into view.
Found a ring mail.
The bullfrog croaks.
A white imp comes into view.
You see here a potion of brilliance.
A centaur comes into view.
The centaur wields a +0 shortbow.
The centaur shoots an arrow.
The arrow hits you!
The centaur shoots an arrow.
The arrow hits you. The bullfrog attacks as it pursues you!
The bullfrog hits you.
The centaur shoots an arrow.
The arrow hits you! The bullfrog hits you.
The centaur shoots an arrow.
The arrow hits you. The bullfrog hits you!
* * * LOW HITPOINT WARNING * * *
The centaur shoots an arrow.
The arrow hits you!
You die...

.. ......# .##.......#
..........# #.........#
#. .. ###..#.....###..
....######!....#.........
..........#.............#
.###..............#....##
#....##hF..............
.........................
#........................
#........................
...c..........<.......##.
.....###.......(.....##
... ..##...........# #.
.. #...........# ...
#.............


You could see a bullfrog and a centaur.

Vanquished Creatures
  A phantom (D:8)
  Natasha (thrice) (D:2)
  4 gnolls
  5 adders
  2 dart slugs
  A ribbon worm (D:2)
  9 endoplasms
  4 giant cockroaches
  9 goblins
  12 hobgoblins
  9 kobolds
  2 quokkas
  4 ball pythons
  7 bats
  3 frilled lizards (D:1)
  5 rats
80 creatures vanquished.

Notes
Turn   | Place    | Note
-------+----------+-------------------------------------------
     0 | D:1      | Gadfly the Demonspawn Shapeshifter began the quest for the
                  | Orb.
     0 | D:1      | Reached XP level 1. HP: 15/15 MP: 1/1
   171 | D:1      | Gained mutation: You are partially covered in molten
                  | scales. (AC +2) [demonic ancestry]
   171 | D:1      | Reached XP level 2. HP: 21/21 MP: 2/2
   273 | D:1      | Reached skill level 1 in Evocations
   277 | D:1      | Found Eluo's Jewellery Shoppe.
   434 | D:1      | Reached XP level 3. HP: 22/26 MP: 3/3
   906 | D:1      | Identified a scroll of acquirement
   906 | D:1      | Acquired 1171 gold pieces
  1016 | D:2      | Noticed Natasha
  1037 | D:2      | Killed Natasha
  1038 | D:2      | Gained mutation: You have sharp fingernails. [demonic
                  | ancestry]
  1038 | D:2      | Reached XP level 4. HP: 22/32 MP: 4/4
  1279 | D:2      | Found Lasusep's Armour Emporium.
  1286 | D:2      | Bought a +1 pair of gloves of dexterity for 231 gold pieces
  1332 | D:2      | Noticed Natasha
  1340 | D:2      | Killed Natasha
  1385 | D:2      | Noticed Natasha
  1397 | D:2      | Killed Natasha
  1398 | D:2      | Gained mutation: You are mostly covered in molten scales.
                  | (AC +3) [demonic ancestry]
  1398 | D:2      | Reached XP level 5. HP: 13/38 MP: 5/5
  2886 | D:3      | Learned a level 1 spell: Apportation
  3185 | D:4      | You fall into a shaft and drop 3 floors!
  3215 | D:7      | Noticed a phantom
  3236 | D:8      | Killed a phantom
  3237 | D:8      | Gained mutation: You may rarely emit foul miasma when
                  | damaged in melee. [demonic ancestry]
  3237 | D:8      | Reached XP level 6. HP: 16/46 MP: 6/6
  3369 | D:8      | Shot with an arrow by a centaur

Illustrated notes

Levels and vault maps discovered:
D:1:      evilmike_arrival_plus, layout_loops_ring, serial_shops,
          nicolae_shop_gaudy_bauble, minmay_three_crescents
D:2:      layout_loops_ring, serial_shops, shop, uniq_natasha
D:3:      layout_loops_cross, hex_medium
D:4:      layout_loops_ring, minmay_temple_entry_statues_pillars,
          uniq_crazy_yiuf_cottage
D:7:      layout_layer_cave, nemelex_xobeh_ov_fountains_minmay
D:8:      layout_cave_pools, uniq_pikel

Skill      XL: |  1  2  3  4  5 |
---------------+----------------+-----
Dodging        | 2 3 |  3.3
Evocations     | 1 2 3 |  3.0
Unarmed Combat | 3 |  3.5
Shapeshifting  | 3 |  3.3
Fighting       | 2 |  2.4

Action                     |  1- 3 |  4- 6 || total
---------------------------+-------+-------++-------
  Melee: Unarmed           |    90 |     7 ||    97
         Dagger            |    43 |   116 ||   159
         Punch             |     2 |     3 ||     5
Ability: Begin Untransform |       |     2 ||     2
  Evoke: Wand              |       |     2 ||     2
    Use: Scroll            |     1 |     9 ||    10
         Potion            |       |     3 ||     3
   Stab: Sleeping          |       |     3 ||     3
 Armour: Animal skin       |    69 |    79 ||   148
  Dodge: Dodged            |    96 |    90 ||   186
   Form: Beast             |       |     2 ||     2
